 Dungeon Crawl Stone Soup version 0.28-a0-1624-g820543e53a (webtiles) character file.

Game seed: 8222623570210225270

37 soggyman666 the Magician (level 3, -1/25 HPs)
             Began as a Djinni Air Elementalist on Jan 23, 2022.
             Slain by a goblin (2 damage)
             ... on level 2 of the Dungeon.
             The game lasted 00:02:56 (1365 turns).

soggyman666 the Magician (Djinni Air Elementalist)  Turns: 1365, Time: 00:02:57

Health: -1/25      AC:  2    Str:  7    XL:     3   Next: 60%
Gold:   55         EV: 16    Int: 18    God:
                   SH:  0    Dex: 13

rFire   + + .      SeeInvis .   (no weapon)
rCold   x . .      Faith    .   (no shield)
rNeg    . . .      Spirit   .   a - +0 robe
rPois   ∞          Reflect  .   (no helmet)
rElec   .          Harm     .   (no cloak)
rCorr   .          Rampage  .   (no gloves)
Will    .....                   (boots unavailable)
Stlth   ++........              (no amulet)
HPRegen 0.08/turn               b - +4 ring of evasion
MPRegen 0.00/turn               (no ring)

@: flying, very slightly contaminated
A: sickness immunity, fire resistance 2, cold vulnerability 1, float, innate
caster, hp casting, extra vitality 1
a: no special abilities


You were on level 2 of the Dungeon.
You visited 1 branch of the dungeon, and saw 2 of its levels.

You collected 55 gold pieces.

Inventory:

Armour
 a - a +0 robe (worn)
Jewellery
 b - a +4 ring of evasion (left hand)
Scrolls
 c - 2 scrolls of amnesia {unknown}
 d - a scroll of teleportation {unknown}
 e - a scroll of brand weapon {unknown}
Potions
 f - a potion of curing {unknown}


   Skills:
 + Level 2.5 Dodging
 - Level 1.7 Stealth
 + Level 3.2 Spellcasting


You couldn't memorise any spells.
You knew the following spells:

 Your Spells              Type           Power      Damage    Failure   Level
a - Shock                 Conj/Air       56%        1d6       4%          1
b - Static Discharge      Conj/Air       14%        N/A       6%          2
c - Swiftness             Air            14%        N/A       13%         3
d - Airstrike             Air            7%         N/A       38%         4
e - Apportation           Tloc           28%        N/A       4%          1
Your spell library was empty.

Dungeon Overview and Level Annotations

Branches:
Dungeon (2/15)

Altars:

Shops:
D:1 ?

Annotations:
D:2 Ijyb


Innate Abilities, Weirdness & Mutations

You are immune to sickness and miasma.
You are immune to poison.
Your flesh is very heat resistant. (rF++)
You are vulnerable to cold. (rC-)
You float through the air rather than walking.
You learn spells naturally, not from books.
Your magical power is your life essence.
You have superior vitality. (+4 MHP)


Message History

Ijyb throws a stone.
The stone barely misses you.
The zap hits Ijyb but does no damage.
Ijyb is heavily wounded.
Ijyb zaps a wand.
The puff of flame hits you. You resist.
You are too injured to fight recklessly!
You are too injured to fight recklessly!
You are too injured to fight recklessly!
You are too injured to fight recklessly!
You are too injured to fight recklessly!
You are too injured to fight recklessly!
Ijyb throws a stone.
The stone barely misses you.
The goblin unwields a +0 dagger.
The goblin wields a +0 hunting sling.
The goblin shoots a stone.
The stone closely misses you.
Ijyb zaps a wand.
The puff of flame hits you. You resist.
Ijyb throws a stone.
The stone hits you.
* * * LOW HITPOINT WARNING * * *
Ijyb misses you.
Casting: Shock (safe; 4% risk of failure)
Confirm with . or Enter, or press ? or * to list all spells.
You miscast Static Discharge.
You are very lightly contaminated with residual magic.
Nothing appears to happen.
* * * LOW HITPOINT WARNING * * *
The goblin unwields a +0 hunting sling.
The goblin wields a +0 dagger.
The goblin hits you but does no damage. x2; Ijyb closely misses you.
Casting: Static Discharge (safe; 6% risk of failure)
Confirm with . or Enter, or press ? or * to list all spells.
Ijyb is struck by an arc of lightning.
Ijyb is severely wounded.
The goblin is struck by an arc of lightning.
You kill the goblin!
The lightning grounds out.
* * * LOW HITPOINT WARNING * * *
The goblin completely misses you. Ijyb barely misses you.
Casting: Static Discharge (safe; 6% risk of failure)
Confirm with . or Enter, or press ? or * to list all spells.
You miscast Static Discharge.
Nothing appears to happen.
* * * LOW HITPOINT WARNING * * *
The goblin hits you with a +0 dagger.
You die...

#.......###.........#
##............##..###.#
##.......##........##.#
...#..#..##...........#
†.......###.......##..##
........ .........##...#######
........ ##.......####.......#
........###.......####.......#
#÷#.............@............#
#...#(.. ##....gg)####.......#
......#. #.......# ####....#
......# ######.## #....#
......# .8.8.8..# ######
...:..# ......... #.....#
...).....# ......# .........#
##....# ).).......


You could see Ijyb and a goblin.

Vanquished Creatures
  A dart slug (D:2)
  3 bats (D:1)
  4 endoplasms (D:1)
  6 goblins (D:2)
  5 hobgoblins
  A quokka (D:2)
  3 ball pythons
  3 frilled lizards
  2 kobolds (D:1)
  3 rats
31 creatures vanquished.

Notes
Turn   | Place    | Note
-------+----------+-------------------------------------------
     0 | D:1      | soggyman666 the Djinni Air Elementalist began the quest for
                  | the Orb.
     0 | D:1      | Reached XP level 1. HP: 15/15 MP: 0/0
   359 | D:1      | Reached XP level 2. HP: 20/21 MP: 0/0
   379 | D:1      | Found Wifuklus's Magic Scroll Shop.
   542 | D:1      | Reached skill level 3 in Spellcasting
   850 | D:1      | Reached XP level 3. HP: 20/25 MP: 0/0
   850 | D:1      | Learned a level 1 spell: Apportation
  1345 | D:2      | Noticed Ijyb
  1365 | D:2      | Slain by a goblin

Illustrated notes

Levels and vault maps discovered:
D:1:      minmay_arrival_shattered_statue, layout_loops_cross, serial_shops,
          nicolae_shop_stone, glass_columns_a, minmay_misc_feat_nine_boxes
D:2:      kennysheep_the_goblin_king, layout_rooms, serial_shops,
          nicolae_shop_stone

Skill      XL: |  1  2 |
---------------+-------+-----
Spellcasting   | 3 |  3.2
Dodging        | |  2.5
Stealth        | |  1.7

Action                   || total
-------------------------++-------
 Cast: Shock             ||    64
       Static Discharge  ||     1
  Use: Scroll            ||     1
Armor: Robe              ||     4
Dodge: Dodged            ||    16

Table legend: (Time is in decaauts)
 A = Elapsed time spent in this place.
 B = Non-inter-level travel time spent in this place.
 C = Inter-level travel time spent in this place.
 D = Time resting spent in this place.
 E = Time spent auto-exploring this place.
 F = Levels seen in this place.
 G = Mean time per level.
                   A        B        C        D        E       F      G
               +--------+--------+--------+--------+--------+-----+--------+
         Total |   1364 |   1364 |      0 |      0 |   1225 |   2 |  682.0 |
       Dungeon |   1364 |   1364 |      0 |      0 |   1225 |   2 |  682.0 |
               +--------+--------+--------+--------+--------+-----+--------+

Top non-repeatable levels by time:
     D:1: 953 daAuts
     D:2: 410 daAuts
